 Dungeon Crawl Stone Soup version 0.31.0-11-ge490571c62 (webtiles) character file.

Game seed: 18132015420651213410

838 qw the Shooter (level 7, 0/35 HPs)
             Began as a Spriggan Hunter on Feb 4, 2024.
             Slain by a water moccasin zombie (4 damage)
             ... in an ossuary.
             The game lasted 00:00:18 (3701 turns).

qw the Shooter (Spriggan Hunter)                    Turns: 3701, Time: 00:00:19

Health: 0/35       AC:  2    Str:  7    XL:     7   Next: 67%
Magic:  8/8        EV: 22    Int: 10    God:
Gold:   279        SH:  0    Dex: 21    Spells: 6/6 levels left

rFire   . . .        a - +0 shortbow (flame)
rCold   . . .        (shield currently unavailable)
rNeg    . . .        c - +0 robe
rPois   +            (helmet restricted)
rElec   .            (no cloak)
rCorr   .            (gloves unavailable)
SInv    +            (boots unavailable)
Will    +....        (no amulet)
Stlth   ++           b - ring of poison resistance
HPRegen 0.25/turn    (no ring)
MPRegen 0.11/turn

%: no passive effects
@: very quick
A: very small, no large weapons, unfitting armour, see invisible, speed 3
a: no special abilities


You were in an ossuary.
You visited 1 branch of the dungeon, and saw 4 of its levels.
You also visited: Sewer and Ossuary.

You collected 279 gold pieces.


Innate Abilities, Weirdness & Mutations

You are very small and have problems with some larger weapons.
You are too small for most types of armour.
You have supernaturally acute eyesight. (SInv)
You cover ground extremely quickly. (Speed+++)


   Skills:
 - Level 2.3 Fighting
 + Level 7.9 Ranged Weapons
 - Level 7.1 Dodging
 - Level 1.5 Stealth


You had 6 spell levels left.
You didn't know any spells.
Your spell library was empty.

Inventory:

Hand Weapons
 a - a +0 shortbow of flaming (weapon)
Armour
 c - a +0 robe (worn)
Jewellery
 b - a ring of poison resistance (left hand)
Potions
 d - a potion of resistance
 f - a potion of brilliance {unknown}
 g - a potion of heal wounds {unknown}
 i - a potion of invisibility {unknown}

Dungeon Overview and Level Annotations

Branches:
Dungeon (4/15)              Sewer (visited)         Ossuary (1/1)
 Temple: D:4-7

Altars:
Nemelex Xobeh
Trog

Annotations:
D:3 1 runed translucent door, Crazy Yiuf


Message History

You shoot an arrow.
The arrow closely misses the water moccasin zombie.
The arrow hits the water moccasin zombie.
The arrow burns the water moccasin zombie.
The water moccasin zombie is moderately damaged.
The water moccasin zombie bites you.
You shoot an arrow.
The arrow hits the water moccasin zombie!
The arrow burns the water moccasin zombie.
You destroy the water moccasin zombie!
You shoot an arrow. The arrow hits the orc zombie!
The arrow burns the orc zombie.
You destroy the orc zombie!
You shoot an arrow.
The arrow hits the water moccasin zombie!
The arrow burns the water moccasin zombie.
The water moccasin zombie is heavily damaged.
The water moccasin zombie bites you!
You shoot an arrow.
The arrow barely misses the water moccasin zombie.
The water moccasin zombie barely misses you.
The water moccasin zombie misses you.
You shoot an arrow.
The arrow hits the water moccasin zombie!
The arrow burns the water moccasin zombie.
The water moccasin zombie is severely damaged.
The water moccasin zombie completely misses you.
You shoot an arrow.
The arrow completely misses the water moccasin zombie.
The water moccasin zombie misses you.
You shoot an arrow.
The arrow barely misses the water moccasin zombie.
The water moccasin zombie bites you.
You shoot an arrow.
The arrow completely misses the water moccasin zombie.
The water moccasin zombie misses you.
You shoot an arrow.
The arrow barely misses the water moccasin zombie.
The water moccasin zombie bites you.
You die...

+!$!?#.\.'...#
#?!!!#...#...#
### #####...#
#...# #'###
#...# #...#
#...# #..@#
###Z# ..# ...#
#...# #...#
###+#


You could see a water moccasin zombie.

Vanquished Creatures
  A bullfrog (Sewer)
  A scorpion (D:4)
  2 water moccasin zombies (Ossuary)
  2 jellies
  An orc priest (D:3)
  2 sleepcaps (D:4)
  A gnoll bouda (D:4)
  An iguana (D:4)
  3 orc wizards
  Natasha (D:2)
  A bullfrog simulacrum (Ossuary)
  5 gnolls (D:4)
  9 adders
  10 dart slugs
  2 ribbon worms
  4 orcs (D:3)
  18 endoplasms
  10 giant cockroaches
  8 goblins
  8 hobgoblins
  10 jackals
  3 quokkas
  20 ball pythons
  6 bats
  8 frilled lizards
  2 jackal zombies (Ossuary)
  8 kobolds
  2 orc zombies (Ossuary)
  7 rats
156 creatures vanquished.

Notes
Turn   | Place    | Note
-------+----------+-------------------------------------------
     0 | D:1      | qw the Spriggan Hunter began the quest for the Orb.
     0 | D:1      | Reached XP level 1. HP: 10/10 MP: 2/2
     0 | D:1      | 0 ||| qw: Version: 0.3-a-160-g6735b56
     0 | D:1      | 0 ||| qw: Game counter: 4422
     0 | D:1      | 0 ||| qw: Melee chars always use a shield: true
     0 | D:1      | 0 ||| qw: God list: Okawaru
     0 | D:1      | 0 ||| qw: Allow faded altars: false
     0 | D:1      | 0 ||| qw: Do Orc after clearing Dungeon:15 true
     0 | D:1      | 0 ||| qw: Do second Lair branch before Depths: true
     0 | D:1      | 0 ||| qw: Lair rune preference: random
     0 | D:1      | 0 ||| qw: Goals: Normal
     0 | D:1      | 0 ||| PLANNING D:1-11
    25 | D:1      | Reached skill level 3 in Dodging
   149 | D:1      | Reached XP level 2. HP: 6/14 MP: 3/3
   221 | D:1      | 221 ||| READING scroll labelled MOIVET MIOSOTI.
   222 | D:1      | 222 ||| DROPPING scroll of butterflies.
   535 | D:1      | You fall into a shaft and drop 1 floor!
   549 | D:2      | Reached XP level 3. HP: 18/18 MP: 4/4
   585 | D:2      | 585 ||| FLEEEEING.
   586 | D:2      | 586 ||| STAIRDANCE
   895 | D:2      | 895 ||| STAIRDANCE
   910 | D:2      | 910 ||| STAIRDANCE
   921 | D:2      | 921 ||| STAIRDANCE
   926 | D:2      | 926 ||| STAIRDANCE
   931 | D:2      | 931 ||| STAIRDANCE
   937 | D:2      | 937 ||| STAIRDANCE
  1230 | D:2      | Noticed Natasha
  1233 | D:2      | Killed Natasha
  1234 | D:2      | Reached XP level 4. HP: 22/22 MP: 5/5
  1547 | D:2      | 1547 ||| UPGRADING to ring of poison resistance.
  1548 | D:2      | 1548 ||| READING scroll labelled ANTAOL GUEKIST.
  1549 | D:2      | 1549 ||| READING scroll labelled EXEWOSKAFIE.
  1650 | D:2      | 1650 ||| READING scroll labelled REYDEH PAISIOKH.
  1691 | D:3      | 1691 ||| PLANNING SEWER
  1694 | D:3      | Reached XP level 5. HP: 26/26 MP: 6/6
  1925 | D:3      | Found a faded altar of an unknown god.
  2132 | D:3      | Reached skill level 6 in Ranged Weapons
  2132 | D:3      | Found a glowing drain.
  2133 | D:3      | 2133 ||| READING 2 scrolls labelled WAGIKH CITHRUIR.
  2133 | D:3      | 2133 ||| IDENTIFYING viscous silvery potion
  2134 | D:3      | 2134 ||| READING scroll of identify.
  2134 | D:3      | 2134 ||| IDENTIFYING sedimented red potion
  2135 | D:3      | 2135 ||| READING scroll labelled FUCOUC VE JIKA.
  2136 | D:3      | 2136 ||| READING scroll labelled QISISALUSE.
  2136 | D:3      | 2136 ||| BRANDING +0 shortbow.
  2137 | D:3      | 2137 ||| DROPPING potion of magic.
  2146 | Sewer    | Entered a sewer
  2213 | Sewer    | Reached XP level 6. HP: 30/30 MP: 7/7
  2368 | Sewer    | Reached skill level 6 in Dodging
  2479 | D:3      | 2479 ||| PLANNING D:1-11
  2580 | D:3      | Found a runed translucent door.
  2581 | D:3      | Noticed Crazy Yiuf
  2582 | D:3      | Identified the +1 hammer "Ocufoxt" {flame, rF+ rN+ Dex+2}
  2963 | D:3      | Found a sparkling altar of Nemelex Xobeh.
  2968 | D:3      | Found a bloodstained altar of Trog.
  3230 | D:3      | 3230 ||| READING scroll labelled LOATED KUUHAMP.
  3346 | D:4      | 3346 ||| PLANNING OSSUARY
  3483 | D:4      | Reached XP level 7. HP: 35/35 MP: 8/8
  3649 | D:4      | Found a sand-covered staircase.
  3654 | Ossuary  | Entered an ossuary
  3695 | Ossuary  | HP: 4/35 [water moccasin zombie (7)]
  3701 | Ossuary  | Slain by a water moccasin zombie

Levels and vault maps discovered:
D:1:      erik_arrival_orb_chamber, layout_basic, due_unseen_surprise
D:2:      layout_loops_cross, uniq_natasha
D:3:      minmay_spotlight, layout_loops_ring, jmf_multi_god_temple2,
          portal_sewer_entry_b, shapermc_ecumenical_altar_ellora,
          chequers_serial_rivers_large_a, corexii_leaking_fountain,
          wander_ebering_terrifying_dragon_lair, uniq_crazy_yiuf_cottage
D:4:      minmay_angry_zag, layout_rooms, elyvilon_altar_4, enter_ossuary_5,
          hex_medium
Ossuary:  ossuary_tomb_2

Skill      XL: |  1  2  3  4  5  6  7 |
---------------+----------------------+-----
Dodging        | 3 4 5 6 7 |  7.1
Ranged Weapons | 5 6 7 |  7.9
Fighting       | 2 |  2.3
Stealth        | |  1.5

Action                     |  1- 3 |  4- 6 |  7- 9 || total
---------------------------+-------+-------+-------++-------
   Fire: Shortbow          |   123 |   225 |    83 ||   431
    Use: Scroll            |     1 |     8 |       ||     9
 Armour: Robe              |    13 |    19 |    19 ||    51
  Dodge: Dodged            |    52 |    54 |    38 ||   144

Table legend:
 A = Non-vault XP
 B = Vault XP
 C = Vault XP percentage of total XP
 D = Non-vault monster count
 E = Vault monster count
 F = Vault count percentage of total count
                 A         B        C        D         E       F
            +---------+---------+-------+---------+---------+-------
      Total |     597 |     601 |  50.2 |      85 |      71 |  45.5
            +---------+---------+-------+---------+---------+-------
        D:1 |      53 |       0 |   0.0 |      32 |       0 |   0.0
        D:2 |      69 |      33 |  32.4 |      20 |       1 |   4.8
        D:3 |     145 |      70 |  32.6 |      19 |      11 |  36.7
        D:4 |     330 |      96 |  22.5 |      14 |       7 |  33.3
      Sewer |       0 |     222 | 100.0 |       0 |      45 | 100.0
    Ossuary |       0 |     180 | 100.0 |       0 |       7 | 100.0
            +---------+---------+-------+---------+---------+-------
